 Dungeon Crawl Stone Soup version 0.31-a0-232-gb1c03b2570 (webtiles) character file.

Game seed: 13930296988786960382

320 qw the Shooter (level 6, 0/43 (52) HPs)
             Began as a Minotaur Hexslinger on July 6, 2023.
             Slain by a wight
             ... wielding a +0 great sword
              (5 damage)
             ... on level 5 of the Dungeon.
             The game lasted 00:01:29 (3930 turns).

qw the Shooter (Minotaur Hexslinger)                Turns: 3930, Time: 00:01:29

HP:   0/43 (52)     AC:  9    Str: 13    XL:     6   Next: 22%
MP:   6/6           EV: 10    Int: 10    God:
Gold: 174           SH:  0    Dex: 12    Spells: 6/7 levels left

rFire   . . .        Y - +1 sling
rCold   + . .        (no shield)
rNeg    . . .        d - +0 ring mail
rPois   .            (helmet restricted)
rElec   .            e - scarf {repulsion}
rCorr   .            (no gloves)
SInv    .            c - +1 pair of boots
Will    .....        o - amulet of regeneration
Stlth   +            (no ring)
HPRegen 1.07/turn    (no ring)
MPRegen 0.10/turn

%: repel missiles
@: heavily drained
A: horns 2, retaliatory headbutt, iridescent scales 1, clumsy 1, cold resistance
1
a: no special abilities


You were on level 5 of the Dungeon.
You visited 1 branch of the dungeon, and saw 5 of its levels.

You collected 196 gold pieces.
You spent 22 gold pieces at shops.


Innate Abilities, Weirdness & Mutations

You have a pair of horns on your head.
You reflexively headbutt those who attack you in melee.
You are partially covered in iridescent scales. (AC +2)
You are clumsy. (Dex -2)
Your flesh is cold resistant. (rC+)


   Skills:
 - Level 4.0 Fighting
 + Level 6.2 Ranged Weapons
 - Level 1.0 Armour
 - Level 2.1 Dodging
 - Level 1.0 Spellcasting
 - Level 2.0 Hexes


You had 6 spell levels left.
You knew the following spells:

 Your Spells              Type           Power      Damage    Failure   Level
a - Slow                  Hex            16%        N/A       32%         1

Your spell library contained the following spells:

 Spells                   Type           Power      Damage    Failure   Level
 Inner Flame              Hex/Fire       2%         N/A       82%         3
 Portal Projectile        Hex/Tloc       4%         N/A       82%         3
 Cause Fear               Hex            2%         N/A       97%         4

Inventory:

Hand Weapons
 Y - a +1 sling (weapon)
Armour
 c - a +1 pair of boots (worn)
 d - a +0 ring mail (worn)
 e - a scarf of repulsion (worn)
Jewellery
 o - an amulet of regeneration (around neck)
Scrolls
 b - 2 scrolls of identify
 l - 4 scrolls of teleportation
Potions
 f - a potion of enlightenment
 i - a potion of curing
 k - a potion of mutation

Dungeon Overview and Level Annotations

Branches:
Dungeon (5/15)
 Temple: D:4-7

Altars:
Ashenzari
Elyvilon
Okawaru

Shops:
D:1 :   D:2 *

Annotations:
D:2 1 runed translucent door, Crazy Yiuf


Message History

The wight closely misses you. The wight hits you but does no damage.
You shoot a sling bullet. The sling bullet hits the wight.
The wight is severely damaged.
The wight misses you.
You shoot a sling bullet.
The sling bullet hits the wight but does no damage.
The wight is severely damaged.
The wight hits you with a +0 hand axe.
You feel drained.
A wight comes into view. It is wielding a +2 dagger of speed.
You shoot a sling bullet.
The sling bullet barely misses the wight.
The sling bullet hits the plant.
The plant begins to die.
The plant is lightly damaged.
The wight hits you with a +0 hand axe.
The wight hits you with a +0 great sword.
You feel drained.
You shoot a sling bullet. The sling bullet hits the wight.
The wight is severely damaged.
The wight closely misses you. The wight barely misses you.
You shoot a sling bullet.
The sling bullet closely misses the wight.
The sling bullet hits the plant.
The plant is lightly damaged.
The wight closely misses you. You furiously retaliate!
You headbutt the wight. The wight barely misses you. You furiously retaliate!
You headbutt the wight. The wight hits you with a +0 hand axe.
The wight hits you with a +0 great sword.
You feel drained.
You shoot a sling bullet.
The sling bullet hits the wight but does no damage.
The wight is almost destroyed.
A nearby plant withers and dies.
The wight hits you but does no damage. The wight barely misses you.
You shoot a sling bullet.
The sling bullet hits the wight but does no damage.
The wight is almost destroyed.
The wight hits you with a +0 hand axe!
You feel drained.
The wight hits you with a +0 great sword!
You feel drained.
You die...

#######
#.....########
#.........@.######
#.........zz.....#
#.......###z)....#
#...#####
....._... ##..##
..P....PP ###...#
#...P..PP. #..<###
#......... #..###
..P......P #..#


PPP...P You could see 3 wights.

Vanquished Creatures
  A hound (D:4)
  An orc wizard (D:4)
  An iguana (D:4)
  7 adders
  6 gnolls (D:4)
  An ufetubus (D:4)
  4 worms
  4 dart slugs
  8 orcs
  6 ball pythons
  8 bats
  5 endoplasms
  3 giant cockroaches
  9 goblins
  7 hobgoblins
  3 jackals (D:3)
  6 kobolds
  3 quokkas (D:2)
  2 frilled lizards
  7 rats
92 creatures vanquished.

Notes
Turn   | Place    | Note
-------+----------+-------------------------------------------
     0 | D:1      | qw the Minotaur Hexslinger began the quest for the Orb.
     0 | D:1      | Reached XP level 1. HP: 16/16 MP: 1/1
     0 | D:1      | 0 ||| qw: Version: 0.3-a-46-gb1f654a
     0 | D:1      | 0 ||| qw: Game counter: 1985
     0 | D:1      | 0 ||| qw: Melee chars always use a shield: true
     0 | D:1      | 0 ||| qw: God list: Okawaru
     0 | D:1      | 0 ||| qw: Allow faded altars: false
     0 | D:1      | 0 ||| qw: Do Orc after clearing Dungeon:15 true
     0 | D:1      | 0 ||| qw: Do second Lair branch before Depths: true
     0 | D:1      | 0 ||| qw: Lair rune preference: random
     0 | D:1      | 0 ||| qw: Goals: Normal
     0 | D:1      | 0 ||| PLANNING D:1-11
   203 | D:1      | Reached skill level 3 in Ranged Weapons
   236 | D:1      | Reached XP level 2. HP: 23/23 MP: 2/2
   775 | D:1      | Found Qetol's Book Emporium.
   800 | D:1      | 800 ||| UPGRADING to +0 ring mail.
   810 | D:1      | 810 ||| DROPPING +0 robe.
   811 | D:1      | 811 ||| UPGRADING to scarf of repulsion.
   816 | D:1      | 816 ||| DRINKING 3 bubbling grey potions.
   817 | D:1      | 817 ||| DROPPING scroll of poison.
   818 | D:1      | 818 ||| DROPPING 2 potions of degeneration.
   854 | D:2      | Found Zaplaem's General Store.
   862 | D:2      | 862 ||| BUYING scroll of identify (22 gold).
   862 | D:2      | Bought a scroll of identify for 22 gold pieces
   943 | D:2      | Reached XP level 3. HP: 18/29 MP: 3/3
  1103 | D:2      | Found a runed translucent door.
  1104 | D:2      | Noticed Crazy Yiuf
  1280 | D:2      | Reached skill level 4 in Ranged Weapons
  1363 | D:2      | Reached skill level 1 in Armour
  1508 | D:2      | Reached XP level 4. HP: 36/36 MP: 4/4
  1743 | D:2      | 1743 ||| UPGRADING to +0 pair of boots.
  1748 | D:2      | 1748 ||| READING 2 scrolls labelled AGAM SIETUNKIA.
  1749 | D:2      | 1749 ||| READING scroll labelled COEPOD VIRE.
  1813 | D:2      | 1813 ||| READING 2 scrolls of identify.
  1813 | D:2      | 1813 ||| IDENTIFYING lumpy inky potion
  1814 | D:2      | 1814 ||| DROPPING scroll of blinking.
  1884 | D:3      | Found a broken altar of Ashenzari.
  2154 | D:3      | Reached skill level 5 in Ranged Weapons
  2615 | D:3      | 2615 ||| UPGRADING to +1 pair of boots.
  2625 | D:3      | 2625 ||| DROPPING +0 pair of boots.
  2626 | D:3      | 2626 ||| DRINKING 2 blue potions.
  2626 | D:3      | Gained mutation: You do not regenerate when monsters are
                  | visible. [potion of mutation]
  2626 | D:3      | Gained mutation: You have large cloven feet. [potion of
                  | mutation]
  2627 | D:3      | 2627 ||| DRINKING potion of mutation.
  2627 | D:3      | Lost mutation: You have large cloven feet. [potion of
                  | mutation]
  2627 | D:3      | Lost mutation: You do not regenerate when monsters are
                  | visible. [potion of mutation]
  2627 | D:3      | Gained mutation: You are clumsy. (Dex -2) [potion of
                  | mutation]
  2627 | D:3      | Gained mutation: You are partially covered in iridescent
                  | scales. (AC +2) [potion of mutation]
  2627 | D:3      | Gained mutation: Your flesh is cold resistant. (rC+)
                  | [potion of mutation]
  2715 | D:4      | Reached skill level 3 in Fighting
  2715 | D:4      | Reached XP level 5. HP: 41/45 MP: 5/5
  2721 | D:4      | 2721 ||| Stepping ~*~*~tactically~*~*~ (outnumbered).
  2766 | D:4      | HP: 10/45 [gnoll/+0 halberd (5)]
  2973 | D:4      | Found a white marble altar of Elyvilon.
  3023 | D:4      | Reached skill level 6 in Ranged Weapons
  3223 | D:4      | Reached XP level 6. HP: 51/51 MP: 6/6
  3308 | D:4      | Identified the +2 mace of Sloth {heavy, *Rage rPois Dex+5
                  | Stlth+}
  3732 | D:4      | 3732 ||| UPGRADING to amulet of regeneration.
  3737 | D:4      | 3737 ||| DROPPING +6 ring of intelligence.
  3738 | D:4      | 3738 ||| READING scroll labelled ZOARPHA UMUNT.
  3839 | D:4      | 3839 ||| READING scroll labelled ROESAT HIUT.
  3840 | D:4      | 3840 ||| READING scroll labelled URINLONETO.
  3841 | D:4      | 3841 ||| READING scroll labelled FAC LOOSSEP.
  3842 | D:4      | 3842 ||| DRINKING 2 murky sapphire potions.
  3843 | D:4      | 3843 ||| READING 4 scrolls of identify.
  3843 | D:4      | 3843 ||| IDENTIFYING fuming clear potion
  3844 | D:4      | 3844 ||| READING 3 scrolls of identify.
  3844 | D:4      | 3844 ||| IDENTIFYING glowing yellow potion
  3845 | D:4      | 3845 ||| DROPPING potion of attraction.
  3846 | D:4      | 3846 ||| DROPPING potion of ambrosia.
  3883 | D:5      | Entered Level 5 of the Dungeon
  3894 | D:5      | Found an iron altar of Okawaru.
  3895 | D:5      | 3895 ||| PLANNING OKAWARU WORSHIP
  3922 | D:5      | 3922 ||| FLEEEEING.
  3930 | D:5      | HP: 5/45 [wight/+0 great sword (11)]
  3930 | D:5      | Slain by a wight

Levels and vault maps discovered:
D:1:      evilmike_arrival_rings, layout_loops_ring, serial_shops, shop,
          st_stairs_12, chequers_garden, corexii_corridor_pit
D:2:      minmay_chambers_of_twos, layout_basic, serial_shops, shop,
          kennysheep_flooded_box, minmay_misc_feat_tower,
          uniq_crazy_yiuf_cottage
D:3:      layout_loops_ring, mainiacjoe_overflow_six_doors_small
D:4:      layout_basic, overflow_temple_1_default
D:5:      layout_layer_cave, lemuel_crystal_altar,
          mainiacjoe_overflow_catch_the_wave, serial_bayou_crossing,
          uniq_sigmund

Skill      XL: |  1  2  3  4  5  6 |
---------------+-------------------+-----
Ranged Weapons | 3 4 5 6 |  6.2
Fighting       | 2 3 4 |  4.0
Armour         | 1 |  1.0
Dodging        | |  2.1
Spellcasting   | |  1.0
Hexes          | |  2.0

Action                     |  1- 3 |  4- 6 || total
---------------------------+-------+-------++-------
   Fire: Sling             |   110 |   233 ||   343
    Use: Potion            |     1 |     3 ||     4
         Scroll            |       |     9 ||     9
 Armour: Robe              |     5 |       ||     5
         Ring mail         |    22 |    56 ||    78
  Dodge: Dodged            |    40 |    75 ||   115
         Repelled          |     2 |     1 ||     3

Table legend:
 A = Non-vault XP
 B = Vault XP
 C = Vault XP percentage of total XP
 D = Non-vault monster count
 E = Vault monster count
 F = Vault count percentage of total count
                 A         B        C        D         E       F
            +---------+---------+-------+---------+---------+-------
      Total |     425 |      33 |   7.2 |      82 |      10 |  10.9
            +---------+---------+-------+---------+---------+-------
        D:1 |      18 |       4 |  18.2 |      10 |       2 |  16.7
        D:2 |      64 |      29 |  31.2 |      23 |       8 |  25.8
        D:3 |      67 |       0 |   0.0 |      20 |       0 |   0.0
        D:4 |     268 |       0 |   0.0 |      27 |       0 |   0.0
        D:5 |       8 |       0 |   0.0 |       2 |       0 |   0.0
            +---------+---------+-------+---------+---------+-------
